[Event "*** SCC Grand Prix: Titled Tuesday Blitz"]
[Site "Chess.com"]
[Date "2020.07.14"]
[Round "8"]
[White "ljuks68"]
[Black "Denmark2015"]
[Result "0-1"]
[WhiteElo "2447"]
[BlackElo "2586"]
[TimeControl "180+1"]
[EndTime "11:36:30 PDT"]
[Termination "Denmark2015 won on time"]

1. e4 e6 2. d4 d5 3. Nc3 Bb4 4.
e5 b6 5. Qg4 Bf8 6. Nh3 Qd7 7.
Bb5 c6 8. Ba4 Ba6 9. Nf4 g6 10.
h4 h5 11. Qd1 Nh6 12. Nce2 Bb5 13. Bb3 Bc4 14. c3 Bxb3 15. axb3 c5 16. Ng3 Nc6 17. Be3 a5 18. Qd3 Be7 19. Qb5 cxd4 20. Bxd4 Nxd4 21. Qxd7+ Kxd7 22. cxd4 Rac8 23. Kd2 Rc6 24. Rac1 Rhc8 25. Rxc6 Rxc6 26. Nd3 Kc7 27. Ne2 Kb7 28.
g3 Ka6 29. Rc1 Kb7 30. Rxc6 Kxc6 31. f3 Nf5 32. Ndf4 Bb4+ 33. Kd1 Ne3+ 34. Kc1 Be1 35. Nd3 Bb4 36. Nxb4+ axb4 37. Kd2 Nf5 38. Kd3 Kd7 39. Kd2 Ke7 40. Kd3 f6 41. Kd2 fxe5 42. dxe5 Kd7 43.
Kd3 Kc6 44. f4 Kc5 45. Kd2 Nd4 46. Nc1 Nf5 0-1

[Event "*** SCC Grand Prix: Titled Tuesday Blitz"]
[Site "Chess.com"]
[Date "2020.07.14"]
[Round "8"]
[White "MusicCityMaster"]
[Black "GMJustin"]
[Result "1-0"]
[WhiteElo "2426"]
[BlackElo "2292"]
[TimeControl "180+1"]
[EndTime "11:36:30 PDT"]
[Termination "MusicCityMaster won on time"]

1. e4 e5 2. Nf3 Nc6 3. Bb5 a6 4. Ba4 Nf6 5. O-O Be7 6. Re1 b5 7. Bb3 d6 8. c3 O-O 9. h3 Na5 10.
Bc2 c5 11. d4 Qc7 12. Nbd2 Nc6 13. d5 Nd8 14. Nf1 Ne8 15. Ng3 g6 16. a4 Rb8 17.
axb5 axb5 18. Bh6 Ng7 19. Qd2 f6 20. Nh2 Nf7 21. Be3 f5 22. f4 exf4 23. Bxf4 g5 24. exf5 gxf4 25. Qxf4 Bf6 26. Ng4 Ne5 27. Nh6+ Kh8 28.
Ne4 Qd8 29. Ra7 Rb7 30. Ra8 Qe7 31. Rea1 Bd7 32. g4 Bh4 33. Rxf8+ Qxf8 34. Nxd6 Qxd6 35. Qxe5 Qxe5 36. Nf7+ Kg8 37. Nxe5 Be8 38. Ra8 Re7 39.
Nf3 Bf6 40. g5 Bxg5 41. Nxg5 Nh5 42. Ne6 1-0

[Event "*** SCC Grand Prix: Titled Tuesday Blitz"]
[Site "Chess.com"]
[Date "2020.07.14"]
[Round "8"]
[White "Terao90"]
[Black "MasterKroket"]
[Result "1-0"]
[WhiteElo "2287"]
[BlackElo "2390"]
[TimeControl "180+1"]
[EndTime "11:36:30 PDT"]
[Termination "Terao90 won by resignation"]

1. e4 c5 2. Nf3 e6 3. g3 Nc6 4. Bg2 g6 5. d4 cxd4 6. Nxd4 d6 7.
O-O a6 8. Nc3 Bg7 9. Be3 Nge7 10. Qd2 O-O 11. Rad1 Qc7 12. Nxc6 Nxc6 13. Qxd6 Qxd6 14.
Rxd6 Nb4 15. Rd2 a5 16. a3 Nc6 17. Rfd1 Ne5 18. b3 b6 19. Bxb6 Ba6 20. Bd4 Rac8 21. f4 Ng4 22. e5 Rfd8 23. Ne4 Bf8 24. a4 Nh6 25. Nf6+ Kg7 26. Bb6 Rxd2 27. Rxd2 Nf5 28. Be4 Bb4 29. Rf2 Ne7 30. c4 Nc6 31. Kg2 Bc3 32. Rc2 Bd4 33. Bxd4 Nxd4 34. Rc3 Rb8 35. c5 Kf8 36. c6 Ke7 37. Nd7 Bc8 38.
Nxb8 1-0

[Event "*** SCC Grand Prix: Titled Tuesday Blitz"]
[Site "Chess.com"]
[Date "2020.07.14"]
[Round "8"]
[White "Jospem"]
[Black "doons21"]
[Result "1-0"]
[WhiteElo "2818"]
[BlackElo "2646"]
[TimeControl "180+1"]
[EndTime "11:36:31 PDT"]
[Termination "Jospem won by resignation"]

1. e4 e6 2. d4 d5 3. Nc3 Bb4 4. e5 Ne7 5. a3 Bxc3+ 6. bxc3 c5 7. Nf3 b6 8. a4 Ba6 9. Bb5+ Bxb5 10.
axb5 Qd7 11. Qe2 c4 12. Ba3 Qxb5 13. O-O Qd7 14. Nh4 Nbc6 15. Qg4 Ng6 16. f4 Nce7 17.
f5 Nxf5 18. Nxf5 exf5 19. Rxf5 O-O-O 20. Raf1 f6 21. exf6 gxf6 22. Qh5 Rhe8 23. Rxf6 Re6 24. Rf7 Qa4 25. Qf5 Re8 26. Qxd5 Qc6 27. Qxc6+ Rxc6 28. Rxa7 Kb8 29. Rxh7 Rce6 30. d5 Re1 31. Bd6+ Ka8 32. Bg3 Rxf1+ 33. Kxf1 Rf8+ 34. Kg1 Rd8 35. d6 Nf8 36.
Rh8 Ne6 37. Rxd8+ Nxd8 38. h4 Nf7 39. h5 Kb7 40. Bf4 Kc6 41. h6 b5 42. g4 Kd7 43. g5 Nh8 44. Kf2 Ng6 45. Ke3 Ke6 46.
Ke4 Kd7 47. h7 Ke6 48. Be5 Nxe5 49. h8=Q 1-0

[Event "*** SCC Grand Prix: Titled Tuesday Blitz"]
[Site "Chess.com"]
[Date "2020.07.14"]
[Round "8"]
[White "lucachess49"]
[Black "YPradafah"]
[Result "1-0"]
[WhiteElo "2451"]
[BlackElo "2537"]
[TimeControl "180+1"]
[EndTime "11:36:31 PDT"]
[Termination "lucachess49 won on time"]

1. d4 Nf6 2. c4 g6 3. f3 Bg7 4. e4 d6 5. Nc3 O-O 6. Nge2 c5 7. Be3 cxd4 8. Nxd4 Nc6 9. Qd2 Nxd4 10. Bxd4 Be6 11. Rd1 Qa5 12. b3 Rfc8 13. Be2 Nd7 14. Bxg7 Kxg7 15.
O-O a6 16. f4 f6 17. Bf3 Rab8 18. Qb2 b5 19. cxb5 Qxc3 20. Qxc3 Rxc3 21. bxa6 Rc7 22. e5 fxe5 23. Bb7 Nc5 24. a7 Rf8 25.
a8=Q Rxa8 26. Bxa8 Ra7 27. Bd5 Bxd5 28. Rxd5 exf4 29.
Rd2 g5 30. g3 fxg3 31. hxg3 Ne4 32. Rg2 Nc3 33. Ra1 Ra3 34. Rb2 Nb5 35. Kg2 h5 36. b4 e5 37. Rb3 Ra4 38. a3 Kf6 39. Rf1+ Kg6 40. Rd1 h4 41. Rd5 Nxa3 42. b5 1-0

[Event "*** SCC Grand Prix: Titled Tuesday Blitz"]
[Site "Chess.com"]
[Date "2020.07.14"]
[Round "8"]
[White "teacher4chess"]
[Black "RobPeresian"]
[Result "0-1"]
[WhiteElo "2022"]
[BlackElo "2240"]
[TimeControl "180+1"]
[EndTime "11:36:31 PDT"]
[Termination "RobPeresian won by checkmate"]

1. d4 d5 2. c4 e6 3. Nc3 Be7 4. Qc2 Nf6 5. cxd5 exd5 6. Bg5 c6 7.
e3 Nbd7 8. Bd3 Nf8 9. Nge2 Ne6 10. Bh4 g6 11. h3 Ng7 12. g4 O-O 13. O-O-O Re8 14.
Rdg1 b5 15. Kb1 a5 16. f3 a4 17. Nd1 Bd7 18. Nf2 b4 19. e4 dxe4 20. fxe4 Qa5 21. e5 b3 22. Qc3 bxa2+ 23. Kxa2 Be6+ 24.
Ka1 Nd5 25. Qxa5 Rxa5 26. Bxe7 Rxe7 27. Ne4 a3 28. Nf6+ Kh8 29. Be4 Rb7 30. bxa3 Rxa3# 0-1

[Event "*** SCC Grand Prix: Titled Tuesday Blitz"]
[Site "Chess.com"]
[Date "2020.07.14"]
[Round "8"]
[White "Msb2"]
[Black "temus_galaktionov"]
[Result "1-0"]
[WhiteElo "2879"]
[BlackElo "2676"]
[TimeControl "180+1"]
[EndTime "11:36:32 PDT"]
[Termination "Msb2 won by resignation"]

1. d4 c6 2. c4 g6 3. Nc3 d6 4.
e4 Bg7 5. Be2 Nd7 6. Nf3 e5 7.
Be3 Ngf6 8. O-O O-O 9. Qc2 h6 10. Rad1 Qe7 11. Rfe1 Ng4 12. Bc1 exd4 13. Nxd4 Qh4 14.
Bxg4 Qxg4 15. f3 Qh4 16. Be3 Ne5 17. b3 Qe7 18. Qd2 g5 19. Bf2 Rd8 20. Nce2 Ng6 21.
Ng3 Be5 22. Ngf5 Qf8 23. Bg3 a6 24. a4 c5 25. Ne2 Bxf5 26. exf5 Ne7 27. Qc2 Nc6 28.
f4 Bf6 29. fxg5 hxg5 30. Nc3 Bd4+ 31. Bf2 Re8 32. Nd5 Qg7 33. Qd2 Rad8 34. Bxd4 Nxd4 35. f6 Rxe1+ 36. Rxe1 Qh6 37. Re3 g4 38. Qf2 Qg5 39. h4 Qh6 40. Re4 Kf8 41. Rxg4 Re8 42. Ne7 Rxe7 43. fxe7+ Kxe7 44. Re4+ Ne6 45. Qe3 Qxh4 46. Rxh4 1-0

[Event "*** SCC Grand Prix: Titled Tuesday Blitz"]
[Site "Chess.com"]
[Date "2020.07.14"]
[Round "8"]
[White "sea-needle"]
[Black "PotapovaM"]
[Result "0-1"]
[WhiteElo "2324"]
[BlackElo "2485"]
[TimeControl "180+1"]
[EndTime "11:36:32 PDT"]
[Termination "PotapovaM won by checkmate"]

1. c4 Nf6 2. Nc3 e6 3. e4 d5 4. e5 d4 5. exf6 dxc3 6. bxc3 Qxf6 7. d4 b6 8. Nf3 h6 9. Bd3 Bb7 10. O-O Bd6 11. Re1 O-O 12. Be4 Bxe4 13. Rxe4 Nd7 14.
Qe2 Rfd8 15. Bd2 Qg6 16. Re1 Nf6 17. Ne5 Bxe5 18. Rxe5 Rac8 19. Re3 Kh8 20. Rg3 Qf5 21. Rf3 Qc2 22. Qe3 Qh7 23. Rh3 c5 24. Qf3 Qf5 25.
Qg3 Qg4 26. Qe5 Qf5 27. Bxh6 gxh6 28. Rxh6+ Kg7 29. Qxf5 exf5 30. Rh4 cxd4 31. Rxd4 Rxd4 32. cxd4 Rxc4 33. Rd1 Rc7 34. f3 Rd7 35. Kf2 Nd5 36. Rd2 f4 37. g3 fxg3+ 38. hxg3 b5 39. f4 b4 40. Kf3 a5 41. g4 a4 42. Ke4 b3 43.
axb3 axb3 44. Rb2 Nf6+ 45. Kf5 Rd5# 0-1

[Event "*** SCC Grand Prix: Titled Tuesday Blitz"]
[Site "Chess.com"]
[Date "2020.07.14"]
[Round "8"]
[White "JoliyRoger"]
[Black "Tsyhanchuk_Stanislav"]
[Result "1-0"]
[WhiteElo "2279"]
[BlackElo "2410"]
[TimeControl "180+1"]
[EndTime "11:36:32 PDT"]
[Termination "JoliyRoger won by resignation"]

1. Nf3 d5 2. c4 c6 3. e3 Nf6 4. b3 e6 5. Bb2 Nbd7 6. d4 b6 7.
Nbd2 Bb7 8. Bd3 h6 9. Qc2 Be7 10. O-O O-O 11. Rae1 Rc8 12. Ne5 Ra8 13. f4 Rc8 14. Kh1 c5 15. Re2 cxd4 16. exd4 dxc4 17. bxc4 b5 18. c5 Nxe5 19. fxe5 Nd5 20. Bxb5 Bg5 21. Nc4 a6 22. Nd6 axb5 23. Nxb7 Qc7 24. Nd6 Ra8 25.
Bc1 Bxc1 26. Qxc1 b4 27. Ref2 f5 28. exf6 Rxf6 29. Rxf6 Nxf6 30. Qe1 Qd7 31. Rf2 Kh8 32. Qxb4 Nd5 33. Qd2 Ra3 34. h3 Kh7 35. Qc1 Qa4 36.
Qc2+ g6 37. Rf7+ Kh8 38. Qxg6 Qd1+ 39. Kh2 Rxh3+ 40. gxh3 Qe2+ 41. Qg2 Qxg2+ 42. Kxg2 Ne3+ 43. Kf3 1-0

[Event "*** SCC Grand Prix: Titled Tuesday Blitz"]
[Site "Chess.com"]
[Date "2020.07.14"]
[Round "8"]
[White "anon569"]
[Black "dodorox"]
[Result "0-1"]
[WhiteElo "2277"]
[BlackElo "2141"]
[TimeControl "180+1"]
[EndTime "11:36:32 PDT"]
[Termination "dodorox won on time"]

1. e4 e6 2. Nf3 d5 3. Nc3 Nf6 4.
e5 Nfd7 5. d4 c5 6. dxc5 Bxc5 7.
Bd3 Nc6 8. Bf4 Qb6 9. O-O a6 10. a3 Qa7 11. Ne2 b5 12. b4 Be7 13. c3 Bb7 14.
Ned4 Qb6 15. a4 bxa4 16. Rxa4 O-O 17. Qa1 Nxd4 18. Nxd4 Nb8 19. Be3 Qc7 20. f4 Nc6 21. Bxa6 Nxd4 22. Bxd4 Bxa6 23. Rxa6 Rxa6 24. Qxa6 Rb8 25.
Ra1 g6 26. Ra5 Kg7 27. Bc5 Bd8 28. Ra3 Rb7 29. Qa8 f6 30. Ra6 fxe5 31. Rxe6 exf4 32.
Re8 Qb8 0-1

[Event "*** SCC Grand Prix: Titled Tuesday Blitz"]
[Site "Chess.com"]
[Date "2020.07.14"]
[Round "8"]
[White "MomchilPetkov"]
[Black "KazakhFighter04"]
[Result "0-1"]
[WhiteElo "2590"]
[BlackElo "2750"]
[TimeControl "180+1"]
[EndTime "11:36:33 PDT"]
[Termination "KazakhFighter04 won by resignation"]

1. d4 g6 2. e4 a6 3. Nf3 b5 4. Bd3 Bb7 5. O-O d6 6. Re1 Nd7 7. Nbd2 Bg7 8. Nf1 c5 9. c3 Rc8 10. a4 b4 11. Qe2 a5 12. Ng3 e6 13. Bg5 Ne7 14. dxc5 Nxc5 15. Bb5+ Bc6 16. cxb4 axb4 17. Bxc6+ Rxc6 18. Qb5 Qb6 19. Bxe7 Kxe7 20. Qe2 Qa6 21. Qd2 Nb3 22. Qg5+ Bf6 23. Qe3 Nxa1 24. Rxa1 Bxb2 25. Rb1 Bc3 26. Qg5+ Bf6 27. Qd2 Rhc8 28. e5 dxe5 29. Qxb4+ Ke8 30. h3 Qc4 31. Qa3 Qc5 32. Qb3 Bg7 33. Ne4 Qe7 34. a5 f5 35. Ng3 e4 36.
Nd2 Rc1+ 37. Rxc1 Rxc1+ 38. Kh2 Kf7 39. Nc4 Qc7 40. Nb6 h5 41. h4 g5 42. Na8 Qf4 43.
Qb7+ Kg6 0-1

[Event "*** SCC Grand Prix: Titled Tuesday Blitz"]
[Site "Chess.com"]
[Date "2020.07.14"]
[Round "8"]
[White "chargemax23"]
[Black "alexsergeyev"]
[Result "1-0"]
[WhiteElo "2651"]
[BlackElo "2344"]
[TimeControl "180+1"]
[EndTime "11:36:33 PDT"]
[Termination "chargemax23 won on time"]

1. e4 e5 2. Nf3 Nf6 3. Nc3 Bb4 4. Bc4 O-O 5. O-O d6 6. d3 Nc6 7. h3 Be6 8. Bb3 Bxc3 9. bxc3 Ne7 10. Re1 Ng6 11.
d4 Qe7 12. a4 c5 13. dxe5 dxe5 14. Bd5 Bxd5 15. exd5 Rad8 16. c4 Ne8 17. a5 Nd6 18.
Qe2 Rfe8 19. Be3 Qc7 20. Nd2 f5 21. f3 b6 22. Reb1 Rb8 23. axb6 axb6 24. Ra3 Ra8 25. Rab3 Ra6 26. Qd3 e4 27. fxe4 fxe4 28. Qc3 Ne5 29.
Bf4 Ng6 30. Bg3 e3 31. Nf3 Qe7 32. Rxb6 Rxb6 33. Rxb6 Ne4 34. Qe1 Nxg3 35. Qxg3 Qe4 36. Rb8 1-0

[Event "*** SCC Grand Prix: Titled Tuesday Blitz"]
[Site "Chess.com"]
[Date "2020.07.14"]
[Round "8"]
[White "MarceloPlaya"]
[Black "White_Ghost"]
[Result "0-1"]
[WhiteElo "2333"]
[BlackElo "2498"]
[TimeControl "180+1"]
[EndTime "11:36:34 PDT"]
[Termination "White_Ghost won on time"]

1. e4 e5 2. Nf3 Nc6 3. d4 exd4 4. Bc4 Nf6 5. Ng5 Ne5 6. Qxd4 Nxc4 7. Qxc4 d5 8. exd5 Qxd5 9. Qe2+ Be7 10. O-O h6 11. Nc3 Qc5 12. Be3 Qc6 13. Nf3 O-O 14. Bxh6 Re8 15. Nd4 Qb6 16. Be3 Qxb2 17. Ncb5 Qb4 18. Nxc7 Bg4 19. Qb5 Qd6 20. Nxe8 Rxe8 21. Nf5 Bxf5 22.
Qxf5 Bd8 23. Rad1 Qc6 24. Rfe1 Bc7 25. Bd4 Rxe1+ 26. Rxe1 Qd6 27. Be5 Qd2 28. Qc8+ Kh7 29. Qh3+ Kg8 30. Qc3 Qd5 31. Bxf6 gxf6 32. Qxc7 Qd2 33.
Qg3+ Kf8 34. Qa3+ Kg7 35. Qe3 Qd5 0-1

[Event "*** SCC Grand Prix: Titled Tuesday Blitz"]
[Site "Chess.com"]
[Date "2020.07.14"]
[Round "8"]
[White "sewin16"]
[Black "floplover"]
[Result "0-1"]
[WhiteElo "2381"]
[BlackElo "2273"]
[TimeControl "180+1"]
[EndTime "11:36:34 PDT"]
[Termination "floplover won by resignation"]

1. e4 c6 2. d4 d5 3. Nc3 dxe4 4. Nxe4 Bf5 5. Ng3 Bg6 6. h4 h6 7. Nf3 Nd7 8. h5 Bh7 9. Bd3 Bxd3 10. Qxd3 e6 11.
Bf4 Qa5+ 12. Bd2 Bb4 13. c3 Be7 14. c4 Qc7 15. O-O-O Ngf6 16. Kb1 O-O 17. Ne4 b5 18. Rc1 bxc4 19. Rxc4 Nb6 20. Rc2 Rfd8 21. Nxf6+ Bxf6 22. Qe4 Nd5 23. g4 Rab8 24. g5 hxg5 25. Bxg5 Qb6 26.
Bd2 Rdc8 27. h6 g6 28. h7+ Kh8 29. Ne5 Rb7 30. Nc4 Qd8 31. Ne5 Qb6 32. Ka1 a5 33. Nc4 Qxd4 34. Qxd4 Bxd4 35. Nd6 Rcb8 36. Nxb7 Rxb7 37.
Bxa5 f6 38. a3 e5 39. Ka2 Rxh7 40. Rxh7+ Kxh7 41. Rxc6 g5 42. Rc4 Bxf2 43. Bd2 Bd4 44. a4 g4 45. a5 g3 46. Rc1 g2 47. b4 g1=Q 48. Rxg1 Bxg1 49. b5 f5 50. Kb3 f4 51. Kc4 f3 52. Kd3 e4+ 53. Kxe4 f2 54. Kxd5 f1=Q 55. Kc6 Qc4+ 0-1

[Event "*** SCC Grand Prix: Titled Tuesday Blitz"]
[Site "Chess.com"]
[Date "2020.07.14"]
[Round "8"]
[White "sergoy"]
[Black "RaunakSadhwani2005"]
[Result "0-1"]
[WhiteElo "2808"]
[BlackElo "2956"]
[TimeControl "180+1"]
[EndTime "11:36:35 PDT"]
[Termination "RaunakSadhwani2005 won by resignation"]

1. d4 f5 2. c4 Nf6 3. Nf3 g6 4. e3 Bg7 5. b4 O-O 6. Bb2 d6 7. Nbd2 c6 8. Be2 Nbd7 9. O-O Qe8 10. c5 h6 11. Qc2 d5 12. b5 Ne4 13. bxc6 bxc6 14. Qa4 Ndxc5 15. Qc2 Nxd2 16. Nxd2 Ne4 17.
Rac1 Bd7 18. Nf3 Rc8 19. Ba3 Be6 20. Ne1 f4 21. Nd3 fxe3 22. fxe3 Bf5 23. Qa4 Bf6 24. Nc5 Bg5 25. Nxe4 Bxe4 26. Qb3 Rxf1+ 27. Rxf1 h5 28. Kh1 Qd7 29. Bc5 Kg7 30. Bf3 Rf8 31. Qd1 Qf5 32.
Be2 Qh3 33. Bf3 Qe6 34. Bxe4 Rxf1+ 35. Qxf1 Qxe4 36. Bxa7 Bxe3 37. Qd1 e5 38. a4 Bxd4 39. Bxd4 exd4 40. a5 d3 41. a6 Qe2 42. Qa1+ Kh7 0-1

[Event "*** SCC Grand Prix: Titled Tuesday Blitz"]
[Site "Chess.com"]
[Date "2020.07.14"]
[Round "8"]
[White "Legendinunknown"]
[Black "platy3"]
[Result "1-0"]
[WhiteElo "2612"]
[BlackElo "2755"]
[TimeControl "180+1"]
[EndTime "11:36:35 PDT"]
[Termination "Legendinunknown won on time"]

1. d4 Nf6 2. c4 e6 3. Nc3 Bb4 4.
f3 d5 5. a3 Bxc3+ 6. bxc3 O-O 7. e3 b6 8. cxd5 exd5 9. Bd3 Ba6 10. Ne2 c5 11. O-O Re8 12. Ng3 h5 13. Qe2 Qc8 14.
Bb2 h4 15. Nh1 Bxd3 16. Qxd3 Qa6 17. Qxa6 Nxa6 18. Rfe1 Re6 19. Kf2 Rae8 20. g3 hxg3+ 21. Nxg3 Nc7 22. h4 Nb5 23. Re2 Nd6 24. Rg1 g6 25.
Bc1 Kf8 26. Rh1 Ke7 27. h5 Kd7 28. hxg6 fxg6 29. Rh6 Rg8 30. Kg2 Kc6 31. a4 Nf7 32. Rh1 Nd6 33. Rh6 g5 34. e4 dxe4 35. fxe4 Nf7 36.
d5+ Kc7 37. Rh1 Re7 38. Rf1 Ng4 39. Rf5 Nfe5 40. Rxg5 Rd7 41. Rxg8 1-0

[Event "*** SCC Grand Prix: Titled Tuesday Blitz"]
[Site "Chess.com"]
[Date "2020.07.14"]
[Round "8"]
[White "bocah_sakit"]
[Black "Sjakkerntobi"]
[Result "0-1"]
[WhiteElo "2692"]
[BlackElo "2408"]
[TimeControl "180+1"]
[EndTime "11:36:35 PDT"]
[Termination "Sjakkerntobi won on time"]

1. e4 e6 2. d4 d5 3. Nc3 Bb4 4. e5 Ne7 5. Bd2 b6 6. f4 Ba6 7.
Nf3 Bxf1 8. Rxf1 a6 9. a3 Bxc3 10. Bxc3 c5 11. Qd2 Nbc6 12. O-O-O h5 13. g3 Nf5 14.
Qf2 Rc8 15. dxc5 bxc5 16. Qxc5 Ncd4 17. Bxd4 Rxc5 18. Bxc5 Qc7 19. b4 a5 20. Nd4 Nxd4 21.
Rxd4 f6 22. Re1 Kf7 23. c4 axb4 24. axb4 Ra8 25. Kb2 dxc4 26. Rxc4 Qb7 27. exf6 Qg2+ 28. Kc3 Ra3+ 29. Kd4 Qd2+ 30. Ke5 Qxe1+ 31. Kd6 gxf6 32.
b5 Qh1 33. Kc7 Qd5 34. Rc1 Ra8 35. b6 Qd8+ 36. Kc6 Qc8+ 37. Kb5 Qa6+ 38. Kb4 Qa5+ 39.
Kc4 Qa4+ 40. Kd3 Rd8+ 41. Ke3 Qc6 0-1

[Event "*** SCC Grand Prix: Titled Tuesday Blitz"]
[Site "Chess.com"]
[Date "2020.07.14"]
[Round "8"]
[White "PrinceMurad09"]
[Black "ChronicUnhappiness"]
[Result "1/2-1/2"]
[WhiteElo "2512"]
[BlackElo "2371"]
[TimeControl "180+1"]
[EndTime "11:36:36 PDT"]
[Termination "Game drawn by repetition"]

1. e4 d6 2. d4 Nf6 3. Nc3 g6 4. Nge2 Bg7 5. g3 O-O 6. Bg2 e5 7. O-O Nc6 8. h3 exd4 9. Nxd4 Nxe4 10. Nxc6 Nxc3 11. Nxd8 Nxd1 12. Nxb7 Bxb7 13. Rxd1 Bxg2 14.
Kxg2 Rab8 15. c3 Rfe8 16. Kf1 f5 17. Rd2 Kf7 18. Rc2 a5 19. Be3 a4 20. Rd1 Re5 21. c4 Re4 22. Bc1 Rd4 23. Rxd4 Bxd4 24. Ke2 Ke6 25.
Kd3 c5 26. Re2+ Kd7 27. Kc2 Rb7 28. g4 fxg4 29. hxg4 h5 30. gxh5 gxh5 31. b3 axb3+ 32. axb3 Kc6 33. Re6 Rf7 34. f4 Rf5 35. Rh6 Bf6 36. Kd3 d5 37. Be3 h4 38. Bf2 dxc4+ 39. bxc4 Rxf4 40. Bxh4 Rxh4 41. Rxf6+ Kd7 42. Kc3 Rh3+ 43.
Kd2 Rh4 44. Kd3 Rh3+ 45. Ke4 Rh5 46. Rf5 Rxf5 47. Kxf5 Kd6 48. Kf6 Kc6 49. Ke6 Kb6 50. Kd6 Kb7 51. Kxc5 Kc7 52. Kb5 Kb7 53. Kb4 Kb6 54. Kc3 Kc5 55. Kd3 Kc6 56. Kd4 Kd6 57. Kc3 Kc6 58. Kb4 Kb6 59. c5+ Kc6 60. Kc4 Kc7 61. Kb5 Kb7 62. Kc4 Kc6 63. Kd4 Kc7 64. Kd5 Kd7 65. Ke5 Kc6 66. Kd4 Kc7 67. Kc4 Kc6 68. Kb4 Kb7 69. Kb5 Kc7 70. c6 Kc8 71. Kb6 Kb8 72. Kc5 Kc7 73. Kd5 Kc8 74. Kd6 Kd8 75. Ke6 Kc7 76. Kd5 Kc8 77. Kc5 Kc7 78.
Kb5 Kc8 79. Ka6 Kc7 80. Kb5 1/2-1/2

[Event "*** SCC Grand Prix: Titled Tuesday Blitz"]
[Site "Chess.com"]
[Date "2020.07.14"]
[Round "8"]
[White "Unknown_IM"]
[Black "silverback96"]
[Result "1-0"]
[WhiteElo "2381"]
[BlackElo "2235"]
[TimeControl "180+1"]
[EndTime "11:36:37 PDT"]
[Termination "Unknown_IM won by resignation"]

1. e4 e6 2. d4 d5 3. e5 c5 4. c3 Qb6 5. Nf3 Nc6 6. a3 c4 7.
Nbd2 Na5 8. Rb1 Bd7 9. g3 Qc7 10. Bg2 O-O-O 11. O-O h6 12. h4 Kb8 13. Re1 Ka8 14. Nf1 Ne7 15. g4 Nb3 16. Bf4 Nc6 17.
Qe2 Be7 18. Ng3 Rdg8 19. g5 hxg5 20. hxg5 g6 21. Nh2 Rh7 22. Ng4 Rgh8 23. Nh6 Qd8 24. Qg4 Bf8 25. Bf3 Ne7 26. Kg2 Ba4 27. Rh1 Qe8 28.
Rbe1 Na5 29. Re2 Bg7 30. Rh4 Ng8 31. Qh3 Qf8 32. Nf1 Nxh6 33. Ne3 Nb3 34. Ng4 Nc1 35.
Bxc1 Nxg4 36. Rxh7 Rxh7 37. Qxh7 Nh6 38. gxh6 Bh8 39.
Bg5 Bd1 40. Re3 Bc2 41. Bf6 Bxf6 42. exf6 Bf5 43. Qg7 Qd6 44. Re5 a5 45. h7 Qb6 46.
h8=Q+ Ka7 47. Qgf8 Qxb2 48. Qa8+ Kb6 49. Qhd8+ 1-0

[Event "*** SCC Grand Prix: Titled Tuesday Blitz"]
[Site "Chess.com"]
[Date "2020.07.14"]
[Round "8"]
[White "pastouche06"]
[Black "KingCrusher275"]
[Result "0-1"]
[WhiteElo "2521"]
[BlackElo "2396"]
[TimeControl "180+1"]
[EndTime "11:36:38 PDT"]
[Termination "KingCrusher275 won on time"]

1. d4 d5 2. c4 e6 3. Nc3 Nf6 4. cxd5 exd5 5. Bg5 Be7 6. e3 c6 7. Qc2 Nbd7 8. Bd3 h6 9. Bh4 Nh5 10. Bxe7 Qxe7 11. Nge2 Nb6 12. O-O-O Be6 13. Kb1 O-O-O 14. h3 Kb8 15. g4 Nf6 16. Ng3 Rhe8 17. Rc1 Rc8 18. Na4 Nxa4 19. Qxa4 Nd7 20. Rc3 Nb6 21.
Qa5 Nc4 22. Bxc4 dxc4 23. Qe5+ Ka8 24. Qxg7 b5 25. Rhc1 Qh4 26. Ne4 Bf5 27. f3 Bxe4+ 28. fxe4 Qxh3 29. e5 Qf3 30. Qxh6 Qxg4 31. b3 c5 32.
bxc4 cxd4 33. Qh1+ Kb8 34. Rb3 Rxe5 35. cxb5 dxe3 36.
Rxc8+ Qxc8 37. b6 a6 38. b7 Qf5+ 39. Ka1 Re8 40. Qc6 Qe6 41. Qf3 e2 42. Qf4+ Qe5+ 0-1

[Event "*** SCC Grand Prix: Titled Tuesday Blitz"]
[Site "Chess.com"]
[Date "2020.07.14"]
[Round "8"]
[White "Konavets"]
[Black "mishanick"]
[Result "1-0"]
[WhiteElo "3049"]
[BlackElo "2836"]
[TimeControl "180+1"]
[EndTime "11:36:39 PDT"]
[Termination "Konavets won on time"]

1. d4 Nf6 2. c4 e6 3. Nc3 Bb4 4.
f3 O-O 5. e4 c5 6. a3 Bxc3+ 7. bxc3 Nc6 8. e5 Ne8 9. f4 cxd4 10.
cxd4 d5 11. Nf3 dxc4 12. Bxc4 b5 13. Bd3 h6 14. Bb2 Bb7 15. O-O Nc7 16. f5 exf5 17.
Bxf5 Ne7 18. Bc2 Ne6 19. Qd3 g6 20. Qd2 Kg7 21. Rad1 Rc8 22. Bb1 Qd7 23. Kh1 Rfd8 24. Qf2 Ng8 25. Nh4 Qe7 26. Nf3 Rd7 27. Nd2 Rcd8 28. Ne4 Kh7 29. Nd6 Bd5 30. Qg3 Qg5 31. Nxf7 Qxg3 32. hxg3 Rf8 33. Nd6 Kg7 34. Rxf8 Nxf8 35. Bc3 Rd8 36. Nxb5 Ne6 37. Nd6 Ne7 38. Bb4 Nc6 39. Bc3 a5 40. Bc2 Rb8 41. Ba4 Ne7 42.
Rf1 1-0

[Event "*** SCC Grand Prix: Titled Tuesday Blitz"]
[Site "Chess.com"]
[Date "2020.07.14"]
[Round "8"]
[White "eljanov"]
[Black "Hikaru"]
[Result "0-1"]
[WhiteElo "2846"]
[BlackElo "3190"]
[TimeControl "180+1"]
[EndTime "11:36:40 PDT"]
[Termination "Hikaru won on time"]

1. Nf3 g6 2. g3 Bg7 3. Bg2 e5 4. O-O d5 5. d3 Ne7 6. e4 O-O 7. c3 c5 8. Nbd2 d4 9. cxd4 cxd4 10. b4 b5 11. Nb3 Na6 12. Bd2 h6 13. Qc1 Kh7 14. Nc5 Rb8 15. a4 Nc7 16. Qc2 bxa4 17. Rxa4 a6 18. Rc1 Rb6 19. Qa2 Qd6 20. h4 Nb5 21. h5 g5 22. Nh2 Ng8 23. g4 Nf6 24. Bf3 Be6 25. Nxe6 fxe6 26. Kg2 Rfb8 27. Bd1 Bf8 28. Ra1 Nc3 29. Bxc3 dxc3 30. Rxa6 Qxd3 31. Rxb6 Rxb6 32. Qa7+ Nd7 33. Bf3 c2 34. Rc1 Rxb4 35. Rxc2 Qxc2 36. Qxd7+ Bg7 37. Qxe6 Rb2 38. Qf5+ Kh8 39. Kh3 Qc1 40. Qf7 Qf4 41. Qe8+ Qf8 42. Qg6 Rxf2 43. Kg3 Rxh2 0-1

[Event "*** SCC Grand Prix: Titled Tuesday Blitz"]
[Site "Chess.com"]
[Date "2020.07.14"]
[Round "8"]
[White "kasparicy"]
[Black "szachuspl"]
[Result "0-1"]
[WhiteElo "2320"]
[BlackElo "2520"]
[TimeControl "180+1"]
[EndTime "11:36:40 PDT"]
[Termination "szachuspl won on time"]

1. e4 c5 2. Nf3 e6 3. d4 cxd4 4. Nxd4 Nc6 5. Nc3 a6 6. Nxc6 bxc6 7. Bd3 d5 8. e5 c5 9. O-O c4 10. Be2 Qc7 11. f4 Bc5+ 12. Kh1 Ne7 13. Qe1 h5 14. Qg3 Nf5 15. Qh3 Bb7 16. Bf3 O-O-O 17. Bd2 h4 18. b3 g6 19. bxc4 Ng3+ 20. hxg3 hxg3 21. cxd5 Rxh3+ 22. gxh3 exd5 23. Kg2 Bd4 24. Rab1 Bxc3 25. Be3 Ba5 26. c4 dxc4 27. Rxb7 Qxb7 28. Bxb7+ Kxb7 29. Rb1+ Kc6 30. Kxg3 Rd3 31. Kf2 Ra3 32.
Rb2 c3 33. Rc2 Kd5 34. Kf3 Ra4 35. h4 Rc4 36. Bc1 Rc8 37. Be3 Rh8 38. Bf2 Kc4 39. Ke4 Rd8 40. Rc1 Rd2 41. Be1 Re2+ 42. Kf3 Rxa2 43. h5 gxh5 44. f5 Kd5 45. e6 fxe6 46. fxe6 Kxe6 47. Bxc3 Ra3 0-1

[Event "*** SCC Grand Prix: Titled Tuesday Blitz"]
[Site "Chess.com"]
[Date "2020.07.14"]
[Round "8"]
[White "Alexander_Moskalenko"]
[Black "annazero"]
[Result "1-0"]
[WhiteElo "2770"]
[BlackElo "2393"]
[TimeControl "180+1"]
[EndTime "11:36:41 PDT"]
[Termination "Alexander_Moskalenko won on time"]

1. f4 d5 2. Nf3 g6 3. g3 Bg7 4. Bg2 c5 5. c3 Nc6 6. d3 Nh6 7. O-O O-O 8. e4 dxe4 9. dxe4 Qxd1 10. Rxd1 e5 11. Na3 Be6 12. h3 Rfd8 13. Be3 b6 14. f5 gxf5 15. Bxh6 Bxh6 16. exf5 Bd5 17. g4 Be3+ 18. Kf1 Be4 19. Ne1 Bxg2+ 20. Nxg2 Bg5 21. Nc4 e4 22. Ke2 b5 23. Nd6 Ne5 24. Nxe4 Be7 25. Ne3 c4 26. Rd5 Rxd5 27. Nxd5 Bd8 28. a4 Rb8 29. axb5 Rxb5 30. Ndf6+ Bxf6 31. Nxf6+ Kg7 32. Nh5+ Kh6 33. Rxa7 Rxb2+ 34. Ke3 Kg5 35. Re7 Rb5 36. Ke4 Nd3 37. Rxf7 Nf2+ 38. Kf3 Nxh3 39. Rxh7 Ng1+ 40. Kg2 Ne2 41. Rg7+ Kh4 42.
Kf3 Ng1+ 43. Ke4 Nh3 44. Nf6 Ng5+ 45. Kd4 Rb8 46. Rg6 Rf8 47. Kxc4 Rd8 48. Kb5 Rd6 49. c4 Rd1 50. c5 Nf3 51. Rh6+ Kg3 52. Rg6 1-0